 Dungeon Crawl Stone Soup version 0.28.0-43-g3370ac3207 (webtiles) character file.

Game seed: 4457960145791077646

44 Descartes the Sneak (level 3, -3/16 HPs)
             Began as a Felid Wanderer on Mar 22, 2022.
             Killed from afar by an orc wizard (6 damage)
             ... with a puff of flame
             ... on level 3 of the Dungeon.
             The game lasted 00:04:30 (2853 turns).

Descartes the Sneak (Felid Wanderer)                Turns: 2853, Time: 00:04:31

Health: -3/16      AC:  1    Str:  8    XL:     3   Next: 41%
Magic:  5/5        EV: 17    Int: 14    God:
Gold:   78         SH:  0    Dex: 16    Spells: 1/4 levels left
                                        Lives:  0   Deaths: 0

rFire   . . .      SeeInvis +     - Unarmed
rCold   . . .      Faith    .   (shield unavailable)
rNeg    . . .      Spirit   .   (armour unavailable)
rPois   .          Reflect  .   (helmet unavailable)
rElec   .          Harm     .   (cloak unavailable)
rCorr   .          Rampage  .   (gloves unavailable)
Will    .....                   (boots unavailable)
Stlth   ++++......              (no amulet)
HPRegen 0.05/turn               (no ring)
MPRegen 0.09/turn               (no ring)

@: quick
A: very small, claws 1, fangs 3, see invisible, speed 1, shaggy fur 1, stealthy
paws, no weapons or thrown items, no armour, multi-lived
a: no special abilities


You were on level 3 of the Dungeon.
You visited 1 branch of the dungeon, and saw 3 of its levels.

You collected 78 gold pieces.

Inventory:

Scrolls
 b - a scroll of acquirement {unknown}
 c - a scroll of amnesia {unknown}
 d - 3 scrolls of identify {unknown}
 f - 5 scrolls of fog {unknown}
 h - a scroll of magic mapping {unknown}
 i - a scroll of enchant weapon {unknown}
Potions
 a - a potion of lignification
 e - 2 potions of heal wounds {unknown}
 g - a potion of cancellation {unknown}


   Skills:
 - Level 2.0 Fighting
 + Level 2.2 Dodging
 + Level 7.2 Stealth
 + Level 1.5 Unarmed Combat
 - Level 1.0 Spellcasting
 - Level 3.0 Hexes
 + Level 0.0 Translocations
 + Level 0.0 Transmutations


You had one spell level left.
You knew the following spells:

 Your Spells              Type           Power      Damage    Failure   Level
a - Slow                  Hex            36%        N/A       8%          1
b - Blink                 Tloc           0%         N/A       36%         2

Your spell library contained the following spells:

 Spells                   Type           Power      Damage    Failure   Level
 Tukima's Dance           Hex            9%         N/A       22%         3
 Sublimation of Blood     Necr           0%         N/A       36%         2
 Wereblood                Tmut           0%         N/A       36%         2
 Manifold Assault         Tloc           0%         N/A       100%        5
 Storm Form               Tmut/Air       0%         N/A       100%        7
 Summon Hydra             Summ           0%         N/A       100%        7


Dungeon Overview and Level Annotations

Branches:
Dungeon (3/15)

Altars:


Innate Abilities, Weirdness & Mutations

You have sharp claws.
You have razor-sharp teeth.
You have supernaturally acute eyesight. (SInv)
You cover ground quickly. (Speed+)
You are covered in fur. (AC +1)
Your paws help you pounce on unaware monsters.
You are incapable of wielding weapons or throwing items.
You cannot wear armour.
You gain extra lives every three experience levels.


Message History

Done exploring.
There is a stone staircase leading down here.
You climb downwards.
Found a fuming emerald potion and 19 sling bullets.
There is a stone staircase leading up here.
An orc comes into view. It is wielding a +0 falchion.
The orc shouts!
You hear a shout!
An orc wizard comes into view. It is wielding a +0 dagger.
The orc hits you with a +0 falchion!
An orc wizard comes into view. It is wielding a +0 dagger.
The orc wizard shouts!
You scratch the orc.
The orc is heavily wounded.
The orc closely misses you.
You barely miss the orc. You bite the orc.
The orc is almost dead.
The orc hits you with a +0 falchion.
* * * LOW HITPOINT WARNING * * *
You are too injured to fight recklessly!
You are too injured to fight recklessly!
You are too injured to fight recklessly!
You are too injured to fight recklessly!
You are too injured to fight recklessly!
You are too injured to fight recklessly!
You are too injured to fight recklessly!
You are too injured to fight recklessly!
You are too injured to fight recklessly!
You are too injured to fight recklessly!
You are too injured to fight recklessly!
You are too injured to fight recklessly!
You are too injured to fight recklessly!
You closely miss the orc.
The orc is almost dead.
The orc completely misses you.
You barely miss the orc. You bite the orc.
You kill the orc!
The orc wizard drinks a potion.
The orc wizard seems to grow stronger.
The orc wizard casts a spell at you. The puff of flame hits you.
You die...

##.# ...##. #
...... .##..#.#
## ....#.# ..
#.##.# #.##....#
#..<....#####...
####...@.)oo...#
#...#######.#
#...# ......#
####!(## ...#
###.# ... ...


You could see 2 orc wizards.

Vanquished Creatures
  A dart slug (D:1)
  2 orcs
  7 endoplasms
  3 giant cockroaches
  2 goblins (D:1)
  3 hobgoblins (D:1)
  2 kobolds (D:2)
  2 quokkas
  2 ball pythons
  6 bats
  2 frilled lizards
  5 rats
37 creatures vanquished.

Notes
Turn   | Place    | Note
-------+----------+-------------------------------------------
     0 | D:1      | Descartes the Felid Wanderer began the quest for the Orb.
     0 | D:1      | Descartes set off with the following items: a potion of
                  | lignification; and the following spell memorised: Slow; and
                  | the following spells available to memorise: Tukima's Dance
     0 | D:1      | Reached XP level 1. HP: 9/9 MP: 3/3
   155 | D:1      | Found a faded altar of an unknown god.
   173 | D:1      | Reached skill level 1 in Dodging
   218 | D:1      | Reached XP level 2. HP: 13/13 MP: 4/4
   351 | D:1      | Reached skill level 1 in Unarmed Combat
   581 | D:1      | Reached skill level 7 in Stealth
  1052 | D:2      | Reached XP level 3. HP: 16/16 MP: 5/5
  2488 | D:2      | Learned a level 2 spell: Blink
  2853 | D:3      | Killed from afar by an orc wizard

Illustrated notes

Levels and vault maps discovered:
D:1:      kennysheep_arrival_seaside, layout_basic,
          ebering_ecumenical_altar_petrified
D:2:      layout_basic, minmay_tree_intersection, minmay_tromino_v4_b
D:3:      layout_loops_ring

Skill      XL: |  1  2  3 |
---------------+----------+-----
Dodging        | 1 2 |  2.2
Unarmed Combat | 1 |  1.5
Stealth        | 7 |  7.2
Fighting       | |  2.0
Spellcasting   | |  1.0
Hexes          | |  3.0

Action                   || total
-------------------------++-------
Melee: Unarmed           ||   104
       Bite              ||    10
       Punch             ||     3
 Stab: Sleeping          ||    16
Armor: Skin              ||     4
Dodge: Dodged            ||    63
